 Dungeon Crawl Stone Soup version 0.19.1 (webtiles) character file.

142 RaHiT the Sneak (level 5, -1/38 HPs)
             Began as a Human Wanderer on Nov 24, 2016.
             Slain by an iguana (7 damage)
             ... on level 2 of the Dungeon.
             The game lasted 00:22:39 (3911 turns).

RaHiT the Sneak (Human Wanderer)                    Turns: 3911, Time: 00:22:39

Health: -1/38      AC:  8    Str: 12    XL:     5   Next: 50%
Magic:  8/8        EV: 10    Int: 13    God:
Gold:   135        SH:  0    Dex: 13    Spells: 0 memorised, 8 levels left

rFire  . . .     SeeInvis .     g - +0 mace
rCold  . . .     Gourm    .     l - +0 ring mail
rNeg   . . .     Faith    .     (no shield)
rPois  .         Spirit   .     h - +0 helmet
rElec  .         Reflect  .     (no cloak)
rCorr  .         Harm     .     (no gloves)
MR     .....                    u - +0 pair of boots
Stlth  ++........               (no amulet)
                                (no ring)
                                (no ring)

@: no status effects
A: no striking features
a: no special abilities


You were on level 2 of the Dungeon.
You were not hungry.

You visited 1 branch of the dungeon, and saw 4 of its levels.

You collected 135 gold pieces.

Inventory:

Hand Weapons
 a - a +2 dagger
 g - a +0 mace (weapon)
 y - a +0 hunting sling of freezing
Missiles
 o - 27 poisoned needles
Armour
 e - a +0 chain mail
 h - a +0 helmet (worn)
 l - a +0 ring mail (worn)
 u - a +0 pair of boots (worn)
Magical Staves
 t - an uncursed staff of energy {unknown}
Scrolls
 i - 4 scrolls of remove curse
 j - 3 scrolls of amnesia
 k - 3 scrolls of recharging {unknown}
 m - a scroll of magic mapping {unknown}
 n - a scroll of teleportation {unknown}
 q - a scroll of random uselessness {unknown}
Potions
 b - a potion of haste
 d - 2 potions of lignification
 p - a potion of heal wounds
 r - 3 potions of curing
 v - a potion of cure mutation {unknown}
 w - a potion of ambrosia
Books
 c - the Papyrus of Changing

   Spells                             Type                      Level
   a - Beastly Appendage              Transmutation                1
   b - Ignite Poison                  Fire/Transmutation/Poison    3
Comestibles
 f - 3 bread rations
 s - a meat ration
 x - 2 beef jerkies


   Skills:
 - Level 2.0 Fighting
 * Level 2.6 Maces & Flails
 - Level 3.2 Armour
 - Level 4.0 Stealth
 - Level 2.0 Spellcasting
   Level 1.0 Conjurations
   Level 2.0 Hexes


You had 8 spell levels left.
You didn't know any spells.

Dungeon Overview and Level Annotations

Branches:
Dungeon (4/15)
 Temple: D:4-7

Altars:
Makhleb

Annotations:
D:3 ohados's ghost, amateur DsTm


Message History

* * * LOW HITPOINT WARNING * * *
There is a stone staircase leading up, spattered with blood here.
You climb upwards.
There is a stone staircase leading down here.
The iguana closely misses you.
There is an open door here.
Eat a chunk of flesh? (ye/n/q)
You start eating the chunk of flesh.
The iguana barely misses you.
This raw flesh tastes terrible.
You hit the iguana but do no damage.
The iguana is lightly wounded.
The iguana closely misses you.
You hit the iguana but do no damage.
The iguana is lightly wounded.
The iguana bites you!
* * * LOW HITPOINT WARNING * * *
The iguana hisses menacingly.
You see here a club.
The iguana bites you!
You die...

##.###.## #.## ##.#### #.# #....#
### #.## ##.##.## ##.## #######
##.###.##...###...### ......#
##...###.#.......... #####.#
##.## #...###...### #.# #l# #####
##.## #.# #@# #.# #.### #.# #.#
#.#.## ####.## ##'## #..#.#
#.....# ##...## ####>## #.##..##
##....)## ##.##.# #.##...##
##.......#
###...#.#####.##....####.........
.......................'.>.......
###...#.#####.##....####.........


You could see an iguana.

Vanquished Creatures
  An iguana (D:2)
  A worker ant (D:4)
  3 adders (D:2)
  A dart slug (D:2)
  3 leopard geckos
  4 giant cockroaches
  4 goblins
  9 hobgoblins
  7 jackals
  3 kobolds
  A ball python (D:1)
  8 bats
  9 frilled lizards
  7 rats
61 creatures vanquished.

Notes
Turn   | Place    | Note
-------+----------+-------------------------------------------
     0 | D:1      | RaHiT the Human Wanderer began the quest for the Orb.
     0 | D:1      | RaHiT set off with: a +2 dagger, a potion of haste, the Papyrus of Changing, a potion of lignification, a +0 robe, a bread ration
     0 | D:1      | Reached XP level 1. HP: 15/15 MP: 3/3
     0 | D:1      | Identified the Papyrus of Changing
   516 | D:1      | Reached XP level 2. HP: 22/22 MP: 5/5
   638 | D:1      | Reached skill level 1 in Maces & Flails
   675 | D:1      | Reached XP level 3. HP: 23/27 MP: 6/6
  1423 | D:2      | Reached skill level 1 in Armour
  1611 | D:2      | Reached XP level 4. HP: 33/33 MP: 7/7
  2253 | D:2      | Found a burning altar of Makhleb.
  2515 | D:3      | Noticed ohados's ghost (amateur DsTm)
  3385 | D:4      | Reached XP level 5. HP: 22/38 MP: 8/8
  3911 | D:2      | Slain by an iguana

Skill      XL: |  1  2  3  4 |
---------------+-------------+-----
Fighting       | 2 |  2.0
Maces & Flails | 1 2 |  2.6
Armour         | 1 3 |  3.2
Stealth        | |  4.0
Spellcasting   | |  2.0
Conjurations   | |  1.0
Hexes          | |  2.0

Action                   |  1- 3 |  4- 6 || total
-------------------------+-------+-------++-------
Melee: Mace              |   114 |    96 ||   210
       Dagger            |     4 |       ||     4
  Use: Scroll            |       |     4 ||     4
       Potion            |       |     1 ||     1
 Stab: Sleeping          |     4 |     2 ||     6
       Distracted        |     1 |       ||     1
  Eat: Chunk             |     2 |     8 ||    10
Armor: Robe              |     6 |       ||     6
       Leather armour    |    40 |     4 ||    44
       Ring mail         |       |    39 ||    39
Dodge: Dodged            |    78 |    60 ||   138
